AoeStats
← best Y

Arabia

507659006Analyzed
1v1 RM · 13d ago on Sep 19, 2026· 43m 11s· 2 players
Game mode
Random Map
Map size
Tiny (2 player)
Population
200
Speed
Normal
Resources
Standard
Victory
Conquest
Starting age
Dark Age
Ending age
Imperial Age
RankedLock teamsTeams togetherTeam positionsShared explorationLock speedFull tech treeHidden civsTurbo modeCheats
Victory
Defeat
🇹🇼 Huns · Taiwan
1211
+14
🇺🇸 Franks · United States
1172
-14
中山路59號
6:19 Loom
8:57 Feudal Age
9:54 Double-Bit Axe
10:44 Horse Collar
21:11 Castle Age
19:33 Fletching
20:26 Padded Archer Armor
20:43 Bloodlines
21:49 Bodkin Arrow
24:10 Leather Archer Armor
26:34 Heavy Plow
31:33 Bow Saw
32:37 Town Watch
34:48 Forging
35:18 Scale Barding Armor
39:24 Imperial Age
37:40 Iron Casting
38:39 Chain Barding Armor
41:15 Blast Furnace
41:09 Wheelbarrow
42:23 Plate Barding Armor
42:59 Cavalier
43:40 Husbandry
best Y
9:43 Loom
11:29 Feudal Age
16:49 Double-Bit Axe
22:40 Castle Age
21:19 Scale Barding Armor
22:33 Wheelbarrow
23:26 Husbandry
26:01 Forging
30:17 Elite Skirmisher
39:38 Fletching
39:49 Padded Archer Armor
41:59 Scale Mail Armor
Connection lost

Rejoining the realm…

Still unreachable

The connection could not be restored.

Session expired

The server has moved on; the page needs a fresh start.